 Dungeon Crawl Stone Soup version 0.30-a0-989-g0d87f670db (webtiles) character file.

Game seed: 10664167730181230729

7 Sobieck the Shooter (level 1, -1/16 HPs)
             Began as a Mummy Hunter on Apr 2, 2023.
             Slain by a kobold
             ... wielding a +0 short sword
              (3 damage)
             ... on level 1 of the Dungeon.
             The game lasted 00:00:51 (266 turns).

Sobieck the Shooter (Mummy Hunter)                   Turns: 266, Time: 00:00:52

Health: -1/16      AC:  4    Str: 14    XL:     1   Next: 91%
Magic:  1/1        EV: 11    Int:  8    God:
Gold:   36         SH:  0    Dex: 15    Spells: 0/0 levels left

rFire   x . .      SeeInvis .    a - +0 shortbow {bow}
rCold   + . .      Faith    +    (shield currently unavailable)
rNeg    + + +      Spirit   .    c - +0 leather armour
rPois   ∞          Reflect  .    (no helmet)
rElec   .          Rampage  .    (no cloak)
rCorr   .                        e - +0 pair of gloves
Will    .....                    (no boots)
Stlth   +                        (no amulet)
HPRegen 0.22/turn                (no ring)
MPRegen 0.07/turn                (no ring)

@: no status effects
A: cold resistance 1, negative energy resistance 3, torment resistance 2, heat
vulnerability 1, no potions, faith
a: no special abilities


You were on level 1 of the Dungeon.
You visited 1 branch of the dungeon, and saw 1 of its levels.

You collected 36 gold pieces.


Innate Abilities, Weirdness & Mutations

You are immune to poison.
Your flesh is cold resistant. (rC+)
You are immune to negative energy. (rN+++)
You are immune to unholy pain and torment.
You are vulnerable to heat. (rF-)
You do not drink.
You have a special connection with the divine. (Faith)


   Skills:
 - Level 2.0 Fighting
 + Level 3.6 Ranged Weapons
 - Level 1.5 Dodging
 - Level 0.7 Stealth


You couldn't memorise any spells.
You didn't know any spells.
Your spell library was empty.

Inventory:

Hand Weapons
 a - a +0 shortbow (weapon) {bow}
Missiles
 g - 8 stones {throwing}
 h - 2 curare-tipped darts {=fthrowing}
Armour
 c - a +0 leather armour (worn)
 e - a +0 pair of gloves (worn)
   (You found it on level 1 of the Dungeon)
 f - a +0 cloak
   (You found it on level 1 of the Dungeon)
Scrolls
 b - a scroll of immolation {!r!r}

Dungeon Overview and Level Annotations

Branches:
Dungeon (1/15) Zot: 5727

Altars:

..# *,* ..# *,**** ..#
*,,,,******* .##
***#,,,,,,,* ##
**#.###**,* #
*,,.#..,,,* #
*,,,..#*,,# #####
*,,*#†##..#
....#*******,,*#@J...#
PPP.PP,,,,,*#..lgK##.#
P.......,,,*##.##.#*,*
PPPPPPP.,,,*#..**..,,*
P...P,,,,,,*#.,,,.##**
P.P,,,,,,,,*#.,,,##
P.P,,,,,,,,*#***,*
PPP,,,,,,,,* *,*
,,,,,,,,,,,*****,*


You could see an endoplasm, a hobgoblin, a kobold and a frilled lizard.


Message History

You start putting on your armour.
You continue putting on your +0 pair of gloves. x4
You finish putting on your +0 pair of gloves.
You see here a frilled lizard corpse.
A quokka comes into view.
Danger!
You shoot an arrow. The arrow misses the quokka.
You shoot an arrow. The arrow closely misses the quokka.
You shoot an arrow. The arrow hits the quokka.
You shoot an arrow. The arrow closely misses the quokka.
The quokka barely misses you. x2
You shoot an arrow. The arrow closely misses the quokka.
The quokka bites you.
You shoot an arrow. The arrow hits the quokka.
The quokka bites you. x2
You are too injured to fight recklessly!
You are too injured to fight recklessly!
You are too injured to fight recklessly!
Fire: a) +0 shortbow {bow}
Press: ? - help, Q - select action Shift-Dir - straight line, f/p - quokka
Aim: a quokka (almost dead, 50% to hit)
You shoot an arrow. The arrow hits the quokka.
You kill the quokka!
Fire: a) +0 shortbow {bow}
Press: ? - help, Q - select action Shift-Dir - straight line, f - you That would be overly suicidal.
Okay, then.
Unknown command.
Unknown command.
Unknown command.
You see here a quokka corpse.
You now have 10 gold pieces.
You now have 19 gold pieces (gained 9).
f - a +0 cloak Unknown command.
A bat comes into view.
Danger!
You shoot an arrow. The arrow closely misses the bat.
The bat barely misses you.
You shoot an arrow. The arrow closely misses the bat.
The bat closely misses you.
You shoot an arrow. The arrow hits the bat.
You kill the bat!
No target in view!
No target in view!
Found a stone staircase leading down.
Unknown command.
g - 8 stones {throwing}
h - 2 curare-tipped darts {=fthrowing} Unknown command.
You now have 36 gold pieces (gained 17).
A hobgoblin comes into view.
Danger!
You shoot an arrow. The arrow hits the hobgoblin!
You kill the hobgoblin!
No target in view!
A sourceless malevolence fills the Dungeon... and a teleportation trap spontaneously manifests!
You are yanked towards some nearby monsters!
Your surroundings suddenly seem different.
A dart slug, a kobold, a frilled lizard, a hobgoblin and an endoplasm come into view.
The endoplasm quivers.
Danger!
As you read the scroll labelled TATZAMP YPOGABLUO, it crumbles to dust.
You feel aware of your surroundings.
It was a scroll of magic mapping.
The dart slug launches a dart at you. The slug dart misses you.
The hobgoblin shouts!
Unknown command.
You shoot an arrow. The arrow hits the dart slug.
The frilled lizard bites you but does no damage.
The dart slug bites you but does no damage.
The kobold shouts!
You shoot an arrow. The arrow hits the dart slug.
The kobold hits you with a +0 short sword.
The frilled lizard closely misses you. The hobgoblin closely misses you.
The dart slug launches a dart at you. The slug dart hits you.
The frilled lizard closely misses you. The endoplasm hits you.
The kobold hits you with a +0 short sword.
The hobgoblin hits you.
* * * LOW HITPOINT WARNING * * *
Unknown command.
You shoot an arrow. The arrow hits the dart slug.
The kobold hits you but does no damage.
The frilled lizard hisses.
The frilled lizard bites you but does no damage.
The hobgoblin misses you. The endoplasm closely misses you.
The dart slug bites you but does no damage.
You shoot an arrow. The arrow hits the dart slug!
You kill the dart slug!
The kobold hits you with a +0 short sword.
* * * LOW HITPOINT WARNING * * *
The hobgoblin closely misses you. The frilled lizard bites you.
* * * LOW HITPOINT WARNING * * *
The endoplasm freezes you.
You are frozen.
You resist.
* * * LOW HITPOINT WARNING * * *
Unknown command.
The frilled lizard attacks as you move away!
The frilled lizard barely misses you. The kobold attacks as you move away!
The kobold hits you with a +0 short sword.
You die...

Action                     || total
---------------------------++-------
   Fire: Shortbow          ||    18
    Use: Scroll            ||     1
 Armour: Leather armour    ||     5
  Dodge: Dodged            ||    12

Levels and vault maps discovered:
D:1:      doesnt_arrival_eight_statues, layout_loops_ring, minmay_hedge_maze,
          chequers_avenue, minmay_tetromino_o4

Notes
Turn   | Place    | Note
-------+----------+-------------------------------------------
     0 | D:1      | Sobieck the Mummy Hunter began the quest for the Orb.
     0 | D:1      | Reached XP level 1. HP: 16/16 MP: 1/1
   265 | D:1      | HP: 4/16 [frilled lizard (2)]
   266 | D:1      | Slain by a kobold

Vanquished Creatures
  A dart slug (D:1)
  A bat (D:1)
  A hobgoblin (D:1)
  A quokka (D:1)
  A frilled lizard (D:1)
5 creatures vanquished.

Table legend:
 A = Non-vault XP
 B = Vault XP
 C = Vault XP percentage of total XP
 D = Non-vault monster count
 E = Vault monster count
 F = Vault count percentage of total count
                 A         B        C        D         E       F
            +---------+---------+-------+---------+---------+-------
      Total |       7 |       4 |  36.4 |       4 |       1 |  20.0
            +---------+---------+-------+---------+---------+-------
        D:1 |       7 |       4 |  36.4 |       4 |       1 |  20.0
            +---------+---------+-------+---------+---------+-------

Illustrated notes

Table legend:
 A = Kills in this place as a percentage of kills in the entire game.
 B = Kills by you in this place as a percentage of kills by you in the entire game.
 C = Kills by friends in this place as a percentage of kills by friends in the entire game.
 D = Other kills in this place as a percentage of other kills in the entire game.
 E = Experience gained in this place as a percentage of experience gained in the entire game.
 F = Experience gained in this place divided by the number of levels of this place that you have seen.
                   A       B       C       D       E      F
               +-------+-------+-------+-------+-------+----------------------
         Total | 100.0 | 100.0 |   N/A |   N/A | 100.0 |  11.0
       Dungeon | 100.0 | 100.0 |   N/A |   N/A | 100.0 |  11.0
               +-------+-------+-------+-------+-------+----------------------

Table legend: (Time is in decaauts)
 A = Elapsed time spent in this place.
 B = Non-inter-level travel time spent in this place.
 C = Inter-level travel time spent in this place.
 D = Time resting spent in this place.
 E = Time spent auto-exploring this place.
 F = Levels seen in this place.
 G = Mean time per level.
                   A        B        C        D        E       F      G
               +--------+--------+--------+--------+--------+-----+--------+
         Total |    272 |    272 |      0 |      0 |    232 |   1 |  272.0 |
       Dungeon |    272 |    272 |      0 |      0 |    232 |   1 |  272.0 |
               +--------+--------+--------+--------+--------+-----+--------+

Top non-repeatable levels by time:
     D:1: 272 daAuts
